Demolitions vs Ice Dragons
Created - April 19, 2020 at 19:13
Goals
|
Demolitions |
0 |
2 |
4 |
6 |
Ice Dragons |
0 |
0 |
1 |
1 |
|
Shots
|
Demolitions |
4 |
10 |
13 |
27 |
Ice Dragons |
10 |
6 |
6 |
22 |
|
1st period
No Goal
Penalties :
Lane MacDermid (Vic) for Goalie Interference (Minor) at 1:48, Daultan Leveillé (Vic) for Roughing (Minor) at 13:42
2nd period
1. Demolitions , Christoph Bertschy 21 (Michael Ferland 4) at 13:40
2. Demolitions , Jake Muzzin 5 (Spencer Machacek 73) at 17:14
Penalties :
Spencer Machacek (Vic) for Tripping (Minor) at 2:19, Brayden McNabb (Kin) for Hooking (Minor) at 6:17, Brandon Kozun (Kin) for Slashing (Minor) at 11:12, Nikita Tryamkin (Vic) for Hooking (Minor) at 15:05
3rd period
3. Demolitions , Taylor Aronson 1 (Daultan Leveillé 62, Antti Raanta) at 8:21
4. Demolitions , Robert Bortuzzo 4 (Spencer Machacek 74, Lane MacDermid 33) at 12:10 (PP)
5. Demolitions , Robert Bortuzzo 5 (Lane MacDermid 34, Spencer Machacek 75) at 12:24
6. Demolitions , Spencer Machacek 49 (Daultan Leveillé 63, Lane MacDermid 35) at 13:40
7. Ice Dragons , Zach Trotman 6 (Adam Clendening 7, Logan MacMillan 23) at 17:01
Penalties :
J.T. Brown (Vic) for Slashing (Minor) at 2:45, Brayden McNabb (Kin) for Hooking (Minor) at 11:57, Jake Muzzin (Vic) for Hooking (Minor) at 17:12
Goalie Stats
Antti Raanta (Vic), 21 saves from 22 shots - (0.955), W, 11-8-0, 60:00 minutes
Harru Sateri (Kin), 21 saves from 27 shots - (0.778), L, 30-19-6, 60:00 minutes
Players Stats for Demolitions
Player Name G A P +/- PIM S H SB GA TA FO MP PP MP PK MP
------------------------------------------------------------------------------------
Aaron Palushaj 0 0 0 0 0 0 0 0 0 0 0/0 0:00 0:00 0:00
Alex Hutchings 0 0 0 0 0 0 1 0 0 0 1/1 4:53 0:00 3:28
Andrej Nestrasil 0 0 0 0 0 2 3 0 3 0 4/6 14:12 1:44 0:23
Brendan Perlini 0 0 0 0 0 0 0 0 0 0 0/0 0:00 0:00 0:00
Christoph Bertschy 1 0 1 1 0 1 1 0 0 0 0/0 9:09 0:00 2:17
Colton Sceviour 0 0 0 0 0 0 0 0 0 0 0/0 0:00 0:00 0:00
Daultan Leveillé 0 2 2 1 2 2 3 0 2 0 13/27 22:24 2:27 5:29
Dennis Everberg 0 0 0 0 0 1 1 0 0 2 0/0 16:35 1:44 3:04
J.T. Brown 0 0 0 2 2 5 1 0 0 0 0/1 11:22 0:00 0:00
Jake Muzzin 1 0 1 1 2 2 3 2 0 0 0/0 25:57 2:30 5:03
Jared Staal 0 0 0 1 0 1 0 0 0 0 0/0 5:37 0:00 0:00
Joshua Leivo 0 0 0 2 0 1 1 1 0 0 0/0 10:47 0:00 0:00
Lane MacDermid 0 3 3 1 2 0 0 0 0 0 0/0 20:58 2:27 3:45
Michael Ferland 0 1 1 1 0 0 1 0 0 0 0/0 5:37 0:00 0:00
Mitch Callahan 0 0 0 0 0 0 0 0 0 0 0/0 0:00 0:00 0:00
Nick Pryor 0 0 0 1 0 0 0 0 0 0 0/0 12:52 0:00 1:53
Nikita Tryamkin 0 0 0 2 2 0 2 1 1 1 0/0 19:38 1:41 4:31
Phil McRae 0 0 0 2 0 4 3 2 0 1 3/4 10:47 0:00 0:00
Robert Bortuzzo 2 0 2 0 0 4 2 1 0 0 0/0 25:44 2:30 6:28
Ryan Pulock 0 0 0 2 0 0 0 0 0 0 0/0 20:32 1:41 5:26
Spencer Machacek 1 3 4 1 2 2 4 1 1 1 4/12 21:56 2:27 5:11
Taylor Aronson 1 0 1 1 0 1 1 0 0 1 0/0 10:51 0:00 0:00
Taylor Beck 0 0 0 0 0 1 1 0 0 0 0/1 13:42 1:44 0:11
Tommy Vannelli 0 0 0 1 0 0 0 1 0 0 0/0 4:27 0:00 0:27
Tyler Graovac 0 0 0 0 0 0 0 0 0 0 0/0 0:00 0:00 0:00
Players Stats for Ice Dragons
Player Name G A P +/- PIM S H SB GA TA FO MP PP MP PK MP
------------------------------------------------------------------------------------
Adam Clendening 0 1 1 1 0 1 0 0 0 1 0/0 20:08 4:37 1:44
Billy Sweat 0 0 0 -1 0 4 1 0 1 0 0/1 18:18 5:19 0:00
Boone Jenner 0 0 0 -1 0 2 1 0 0 0 3/12 19:18 5:19 1:00
Brandon Kozun 0 0 0 -2 2 0 0 0 0 1 0/0 20:05 6:09 0:00
Brayden McNabb 0 0 0 -4 4 1 1 0 1 1 0/0 26:58 7:17 1:03
Brian Boyle 0 0 0 -2 0 3 2 0 0 0 17/27 22:06 6:04 2:35
Chris Wagner 0 0 0 0 0 0 0 0 1 1 0/0 12:19 0:23 0:00
Corban Knight 0 0 0 0 0 3 2 0 1 0 3/5 12:48 0:00 1:09
Jerome Gauthier-Leduc 0 0 0 -1 0 1 0 2 0 0 0/0 11:28 0:00 0:00
Jordan LaVallee 0 0 0 -2 0 5 2 0 0 0 3/6 25:02 6:09 2:32
Justin Shugg 0 0 0 -1 0 0 2 0 0 0 0/0 18:18 5:19 0:00
Kevin Connauton 0 0 0 -4 0 0 0 1 1 0 0/0 28:38 7:17 2:30
Logan MacMillan 0 1 1 0 0 1 3 1 0 0 0/0 12:22 0:26 0:00
Phil Di Giuseppe 0 0 0 -1 0 0 0 0 0 0 0/0 3:37 0:34 0:00
Robin Norell 0 0 0 -1 0 0 1 2 0 3 0/0 12:52 0:00 1:24
Sam Carrick 0 0 0 -1 0 0 0 0 0 0 1/1 6:04 0:00 0:38
William Carrier 0 0 0 -1 0 0 0 0 0 0 0/0 5:31 0:00 0:28
Zach Trotman 1 0 1 1 0 1 0 1 1 0 0/0 19:54 4:37 1:41
3 Stars
1 - Spencer Machacek (Vic)
2 - Robert Bortuzzo (Vic)
3 - Taylor Aronson (Vic)
Power Play
Demolitions - 1 on 3 Attempt(s) - 33.33%
Ice Dragons - 0 on 6 Attempt(s) - 0.00%
Penalty Kill
Demolitions - 6 on 6 Attempt(s) - 100.00%
- Score 0 goal in Penalty Kill
Ice Dragons - 2 on 3 Attempt(s) - 66.67%
- Score 0 goal in Penalty Kill
Team Stat
Demolitions - Hits : 28 - Faceoff Wins : 25 - Blocked Shots : 9 - Penalty Minutes : 12
Ice Dragons - Hits : 15 - Faceoff Wins : 27 - Blocked Shots : 7 - Penalty Minutes : 6
Official
Referees : Unknown
Linesman : Unknown
Game Notes
No Game Note
Finance
Level 1 -- Attendance: 1294 (64.70%) -- Ticket Income $51,760
Level 2 -- Attendance: 701 (70.10%) -- Ticket Income $14,020
Total Attendance: 1995 (66.50%)
Total Ticket Income: $65,780
Other Income: $3,289
Total Income: $69,069
Demolitions
5 vs 5 Forward
Center Left Wing Right Wing Time % Phy DF OF
1 Daultan Leveillé Lane MacDermid Spencer Machacek 40 1 2 2
2 Andrej Nestrasil Taylor Beck Dennis Everberg 30 1 2 2
3 Phil McRae Joshua Leivo J.T. Brown 20 1 2 2
4 Christoph Bertschy Michael Ferland Jared Staal 10 1 2 2
5 vs 5 Defense
Defense Defense Time % Phy DF OF
1 Jake Muzzin Robert Bortuzzo 40 1 2 2
2 Nikita Tryamkin Ryan Pulock 30 1 2 2
3 Taylor Aronson Nick Pryor 20 1 2 2
4 Tommy Vannelli Jake Muzzin 10 1 2 2
PowerPlay Forward
Center Left Wing Right Wing Time % Phy DF OF
1 Daultan Leveillé Lane MacDermid Spencer Machacek 60 1 2 2
2 Andrej Nestrasil Taylor Beck Dennis Everberg 40 1 2 2
PowerPlay Defense
Defense Defense Time % Phy DF OF
1 Jake Muzzin Robert Bortuzzo 60 1 2 2
2 Nikita Tryamkin Ryan Pulock 40 1 2 2
Penalty Kill 4 Players Forward
Center Wing Time % Phy DF OF
1 Spencer Machacek Daultan Leveillé 60 1 2 2
2 Lane MacDermid Dennis Everberg 40 1 2 2
Penalty Kill 4 Players Defense
Defense Defense Time % Phy DF OF
1 Jake Muzzin Robert Bortuzzo 60 1 2 2
2 Nikita Tryamkin Ryan Pulock 40 1 2 2
Penalty Kill - 3 Players Forward
Forward Time % Phy DF OF
1 Spencer Machacek 60 1 2 2
2 Daultan Leveillé 40 1 2 2
Penalty Kill - 3 Players Defense
Defense Defense Time % Phy DF OF
1 Jake Muzzin Robert Bortuzzo 60 1 2 2
2 Nikita Tryamkin Ryan Pulock 40 1 2 2
4 vs 4 Forward
Center Wing Time % Phy DF OF
1 Spencer Machacek Daultan Leveillé 60 1 2 2
2 Lane MacDermid Dennis Everberg 40 1 2 2
4 vs 4 Defense
Defense Defense Time % Phy DF OF
1 Jake Muzzin Robert Bortuzzo 60 1 2 2
2 Nikita Tryamkin Ryan Pulock 40 1 2 2
Last Minutes Offensive
Center Left Wing Right Wing Defense Defense
Daultan Leveillé Lane MacDermid Spencer Machacek Jake Muzzin Robert Bortuzzo
Last Minutes Defensive
Center Left Wing Right Wing Defense Defense
Daultan Leveillé Lane MacDermid Spencer Machacek Jake Muzzin Robert Bortuzzo
Goaltenders
Starting : Antti Raanta
Backup : Alex Stalock
Extra Forwards
Normal : Aaron Palushaj, Mitch Callahan, Alex Hutchings - PP : Aaron Palushaj, Mitch Callahan - PK : Alex Hutchings
Extra Defensemen
Normal : Taylor Aronson, Nick Pryor, Tommy Vannelli - PP : Taylor Aronson - PK : Nick Pryor, Tommy Vannelli
Penalty Shots
Spencer Machacek, Daultan Leveillé, Lane MacDermid, Dennis Everberg, J.T. Brown
Scratches
Thomas DiPauli (Healthy), Taylor Leier (Healthy), Michael Prapavessis (Healthy), Jaedon Descheneau (Healthy), Jake Paterson (Healthy)
Francois Tremblay (Healthy), Brandon Halverson (Healthy)
Ice Dragons
5 vs 5 Forward
Center Left Wing Right Wing Time % Phy DF OF
1 Brian Boyle Jordan LaVallee Brandon Kozun 40 1 1 3
2 Boone Jenner Billy Sweat Justin Shugg 30 1 1 3
3 Corban Knight Logan MacMillan Chris Wagner 20 1 2 2
4 Sam Carrick William Carrier Jordan LaVallee 10 1 2 2
5 vs 5 Defense
Defense Defense Time % Phy DF OF
1 Brayden McNabb Kevin Connauton 40 1 2 2
2 Zach Trotman Adam Clendening 30 1 2 2
3 Jerome Gauthier-Leduc Robin Norell 20 1 2 2
4 Brayden McNabb Kevin Connauton 10 1 2 2
PowerPlay Forward
Center Left Wing Right Wing Time % Phy DF OF
1 Brian Boyle Jordan LaVallee Brandon Kozun 60 1 2 2
2 Boone Jenner Billy Sweat Justin Shugg 40 1 2 2
PowerPlay Defense
Defense Defense Time % Phy DF OF
1 Brayden McNabb Kevin Connauton 60 1 2 2
2 Zach Trotman Adam Clendening 40 1 2 2
Penalty Kill 4 Players Forward
Center Wing Time % Phy DF OF
1 Jordan LaVallee Brian Boyle 60 1 4 0
2 Boone Jenner Corban Knight 40 1 4 0
Penalty Kill 4 Players Defense
Defense Defense Time % Phy DF OF
1 Brayden McNabb Kevin Connauton 60 1 4 0
2 Zach Trotman Adam Clendening 40 1 4 0
Penalty Kill - 3 Players Forward
Forward Time % Phy DF OF
1 Jordan LaVallee 60 1 4 0
2 Brian Boyle 40 1 4 0
Penalty Kill - 3 Players Defense
Defense Defense Time % Phy DF OF
1 Brayden McNabb Kevin Connauton 60 1 4 0
2 Zach Trotman Adam Clendening 40 1 4 0
4 vs 4 Forward
Center Wing Time % Phy DF OF
1 Jordan LaVallee Brian Boyle 60 1 1 3
2 Boone Jenner Corban Knight 40 1 1 3
4 vs 4 Defense
Defense Defense Time % Phy DF OF
1 Brayden McNabb Kevin Connauton 60 1 2 2
2 Zach Trotman Adam Clendening 40 1 2 2
Last Minutes Offensive
Center Left Wing Right Wing Defense Defense
Brian Boyle Jordan LaVallee Brandon Kozun Brayden McNabb Kevin Connauton
Last Minutes Defensive
Center Left Wing Right Wing Defense Defense
Brian Boyle Jordan LaVallee Brandon Kozun Brayden McNabb Kevin Connauton
Goaltenders
Starting : Harru Sateri
Backup : Oscar Dansk
Extra Forwards
Normal : Phil Di Giuseppe, Logan MacMillan, Sam Carrick - PP : Phil Di Giuseppe, Logan MacMillan - PK : Sam Carrick
Extra Defensemen
Normal : Jerome Gauthier-Leduc, Robin Norell, Zach Trotman - PP : Jerome Gauthier-Leduc - PK : Robin Norell, Zach Trotman
Penalty Shots
Jordan LaVallee, Brian Boyle, Boone Jenner, Corban Knight, Billy Sweat
Scratches
Thomas Gobeil (Healthy), Theodor Blueger (Healthy), Alex Henriksson (Healthy), Emil Pettersson (Healthy), Cole Ully (Healthy)
Alex Plante (Healthy), Juho Lammikko (Healthy), Samuel Groulx (Right Ankle Injury)
% Time on Ice - Demolitions
Lines # - Real PCT - Wanted PCT - Time Play
Normal Forward
1 - 34% - 40% - 15:05
2 - 28% - 30% - 12:26
3 - 25% - 20% - 10:47
4 - 13% - 10% - 5:37
Normal Defense
1 - 38% - 40% - 16:46
2 - 31% - 30% - 13:25
3 - 25% - 20% - 10:46
4 - 7% - 10% - 2:58
PP Forward
1 - 59% - 60% - 2:27
2 - 41% - 40% - 1:44
PP Defense
1 - 60% - 60% - 2:30
2 - 40% - 40% - 1:41
PK Forward
1 - 74% - 60% - 8:47
2 - 26% - 40% - 3:07
PK Defense
1 - 54% - 60% - 6:28
2 - 46% - 40% - 5:26
PK3 Forward
1 - 0% - 60%
2 - 0% - 40%
PK3 Defense
1 - 0% - 60%
2 - 0% - 40%
44 Forward
1 - 0% - 60%
2 - 0% - 40%
44 Defense
1 - 0% - 60%
2 - 0% - 40%
Last Minute Offensive - 0:00
Last Minute Defensive - 0:00
Total
Forward - 60:00
Defense - 60:00
|
% Time on Ice - Ice Dragons
Lines # - Real PCT - Wanted PCT - Time Play
Normal Forward
1 - 32% - 40% - 14:14
2 - 30% - 30% - 12:59
3 - 27% - 20% - 11:39
4 - 11% - 10% - 5:03
Normal Defense
1 - 41% - 40% - 18:05
2 - 31% - 30% - 13:36
3 - 26% - 20% - 11:28
4 - 2% - 10% - 0:46
PP Forward
1 - 55% - 60% - 6:35
2 - 45% - 40% - 5:19
PP Defense
1 - 61% - 60% - 7:17
2 - 39% - 40% - 4:37
PK Forward
1 - 76% - 60% - 3:11
2 - 24% - 40% - 1:00
PK Defense
1 - 60% - 60% - 2:30
2 - 40% - 40% - 1:41
PK3 Forward
1 - 0% - 60%
2 - 0% - 40%
PK3 Defense
1 - 0% - 60%
2 - 0% - 40%
44 Forward
1 - 0% - 60%
2 - 0% - 40%
44 Defense
1 - 0% - 60%
2 - 0% - 40%
Last Minute Offensive - 0:00
Last Minute Defensive - 0:00
Total
Forward - 60:00
Defense - 60:00
|
Play-by-Play
1st period
0:01 of 1st period - Daultan Leveillé wins face-off versus Brian Boyle in neutral zone.
0:16 of 1st period - Snap shot by Brian Boyle.
0:16 of 1st period - Stopped by Antti Raanta with a rebound.
0:42 of 1st period - Justin Shugg is hit by Dennis Everberg and loses puck.
0:57 of 1st period - Snap shot by Billy Sweat.
0:57 of 1st period - Stopped by Antti Raanta with a rebound.
1:03 of 1st period - Slapshot by Boone Jenner.
1:03 of 1st period - Deflect By Billy Sweat.
1:03 of 1st period - Shot Misses the Net.
1:03 of 1st period - Puck is out of play.
1:04 of 1st period - Corban Knight wins face-off versus Phil McRae in Demolitions zone.
1:05 of 1st period - Slapshot by Zach Trotman.
1:05 of 1st period - Deflect By Corban Knight.
1:05 of 1st period - Stopped by Antti Raanta with a rebound.
1:29 of 1st period - Daultan Leveillé is hit by Jordan LaVallee and loses puck.
1:36 of 1st period - Snap shot by Brian Boyle.
1:36 of 1st period - Stopped by Antti Raanta with a rebound.
1:48 of 1st period - Minor Penalty to Lane MacDermid for Goalie Interference.
1:49 of 1st period - Brian Boyle wins face-off versus Spencer Machacek in Demolitions zone.
1:52 of 1st period - Wrist shot by Brian Boyle.
1:52 of 1st period - Shot Misses the Net.
2:04 of 1st period - Snap shot by Jordan LaVallee.
2:04 of 1st period - Shot Misses the Net.
2:14 of 1st period - Spencer Machacek is hit by Brayden McNabb and loses puck.
2:35 of 1st period - Jordan LaVallee is hit by Alex Hutchings.
3:48 of 1st period - Penalty to Lane MacDermid is over, Lane MacDermid is back on ice.
3:51 of 1st period - Lane MacDermid is hit by Logan MacMillan and loses puck.
5:35 of 1st period - Jerome Gauthier-Leduc is hit by Phil McRae and loses puck.
7:25 of 1st period - Billy Sweat is hit by J.T. Brown and loses puck.
7:36 of 1st period - Tommy Vannelli is hit by Corban Knight and loses puck.
7:53 of 1st period - Brian Boyle is hit by Daultan Leveillé and loses puck.
8:06 of 1st period - Nikita Tryamkin is hit by Logan MacMillan and loses puck.
9:02 of 1st period - Billy Sweat is hit by Andrej Nestrasil and loses puck.
9:13 of 1st period - Kevin Connauton is hit by Spencer Machacek.
9:39 of 1st period - Brian Boyle is hit by Michael Ferland and loses puck.
9:48 of 1st period - Zach Trotman is hit by Nikita Tryamkin and loses puck.
10:21 of 1st period - Boone Jenner is hit by Taylor Aronson and loses puck.
10:40 of 1st period - William Carrier is hit by Christoph Bertschy and loses puck.
11:26 of 1st period - Wrist shot by Brandon Kozun.
11:26 of 1st period - Shot Misses the Net.
11:38 of 1st period - Robin Norell is hit by Andrej Nestrasil and loses puck.
11:45 of 1st period - Snap shot by Dennis Everberg.
11:45 of 1st period - Stopped by Harru Sateri without a rebound.
11:46 of 1st period - Daultan Leveillé wins face-off versus Billy Sweat in Ice Dragons zone.
12:15 of 1st period - Snap shot by Jordan LaVallee.
12:15 of 1st period - Deflect By Jake Muzzin.
12:15 of 1st period - Shot Misses the Net.
12:15 of 1st period - Puck is out of play.
12:16 of 1st period - Brian Boyle wins face-off versus Taylor Beck in Demolitions zone.
12:17 of 1st period - Snap shot by Jordan LaVallee.
12:17 of 1st period - Stopped by Antti Raanta with a rebound.
12:27 of 1st period - Wrist shot by Andrej Nestrasil.
12:27 of 1st period - Stopped by Harru Sateri with a rebound.
12:29 of 1st period - Slapshot by Ryan Pulock.
12:29 of 1st period - Shot Misses the Net.
12:31 of 1st period - Wrist shot by Nikita Tryamkin.
12:31 of 1st period - Shot Misses the Net.
12:53 of 1st period - Wrist shot by Phil McRae.
12:53 of 1st period - Shot Misses the Net.
13:05 of 1st period - Daultan Leveillé is hit by Boone Jenner and loses puck.
13:12 of 1st period - Wrist shot by Billy Sweat.
13:12 of 1st period - Stopped by Antti Raanta with a rebound.
13:16 of 1st period - Wrist shot by Billy Sweat.
13:16 of 1st period - Stopped by Antti Raanta with a rebound.
13:26 of 1st period - Snap shot by Corban Knight.
13:26 of 1st period - Stopped by Antti Raanta with a rebound.
13:28 of 1st period - Backhand shot by Zach Trotman.
13:28 of 1st period - Shot Misses the Net.
13:30 of 1st period - Wrist shot by Corban Knight.
13:30 of 1st period - Stopped by Antti Raanta with a rebound.
13:32 of 1st period - Snap shot by Corban Knight.
13:32 of 1st period - Shot Blocked by Robert Bortuzzo.
13:42 of 1st period - Minor Penalty to Daultan Leveillé for Roughing.
13:43 of 1st period - Spencer Machacek wins face-off versus Boone Jenner in Demolitions zone.
14:08 of 1st period - Ryan Pulock is hit by Brian Boyle and loses puck.
15:37 of 1st period - Zach Trotman is hit by Jake Muzzin and loses puck.
15:42 of 1st period - Penalty to Daultan Leveillé is over, Daultan Leveillé is back on ice.
16:09 of 1st period - Logan MacMillan is hit by Taylor Beck and loses puck.
16:55 of 1st period - Wrist shot by Christoph Bertschy.
16:55 of 1st period - Shot Misses the Net.
16:57 of 1st period - Snap shot by Christoph Bertschy.
16:57 of 1st period - Shot Misses the Net.
16:59 of 1st period - Backhand shot by Jared Staal.
16:59 of 1st period - Stopped by Harru Sateri with a rebound.
17:15 of 1st period - Billy Sweat is hit by Andrej Nestrasil and loses puck.
18:09 of 1st period - Nick Pryor is hit by Jordan LaVallee and loses puck.
18:28 of 1st period - Snap shot by Joshua Leivo.
18:28 of 1st period - Deflect By Phil McRae.
18:28 of 1st period - Stopped by Harru Sateri without a rebound.
18:29 of 1st period - Daultan Leveillé wins face-off versus Corban Knight in Ice Dragons zone.
18:30 of 1st period - Snap shot by Spencer Machacek.
18:30 of 1st period - Shot Misses the Net.
18:38 of 1st period - Wrist shot by Logan MacMillan.
18:38 of 1st period - Shot Misses the Net.
18:52 of 1st period - Billy Sweat is hit by Phil McRae and loses puck.
19:09 of 1st period - Slapshot by Dennis Everberg.
19:09 of 1st period - Shot Blocked by Kevin Connauton.
19:12 of 1st period - Icing by Brian Boyle.
19:13 of 1st period - Andrej Nestrasil wins face-off versus Brian Boyle in Ice Dragons zone.
19:49 of 1st period - Snap shot by Jordan LaVallee.
19:49 of 1st period - Stopped by Antti Raanta without a rebound.
19:50 of 1st period - Daultan Leveillé wins face-off versus Boone Jenner in Demolitions zone.
19:55 of 1st period - Zach Trotman is hit by Spencer Machacek and loses puck.
Goals for this period are 0 for Demolitions vs 0 for Ice Dragons.
Shots for this period are 4 for Demolitions vs 10 for Ice Dragons.
2nd period
0:01 of 2nd period - Daultan Leveillé wins face-off versus Brian Boyle in neutral zone.
0:14 of 2nd period - Off-side.
0:15 of 2nd period - Daultan Leveillé wins face-off versus Boone Jenner in neutral zone.
0:26 of 2nd period - Snap shot by Spencer Machacek.
0:26 of 2nd period - Deflect By Daultan Leveillé.
0:26 of 2nd period - Stopped by Harru Sateri without a rebound.
0:27 of 2nd period - Brian Boyle wins face-off versus Daultan Leveillé in Ice Dragons zone.
0:55 of 2nd period - Off-side.
0:56 of 2nd period - Andrej Nestrasil wins face-off versus Boone Jenner in neutral zone.
1:05 of 2nd period - Icing by Justin Shugg.
1:06 of 2nd period - Boone Jenner wins face-off versus Daultan Leveillé in Ice Dragons zone.
1:06 of 2nd period - Boone Jenner is hit by Spencer Machacek.
1:36 of 2nd period - Wrist shot by Jordan LaVallee.
1:36 of 2nd period - Stopped by Antti Raanta without a rebound.
1:37 of 2nd period - Brian Boyle wins face-off versus Andrej Nestrasil in Demolitions zone.
2:19 of 2nd period - Minor Penalty to Spencer Machacek for Tripping.
2:20 of 2nd period - Alex Hutchings wins face-off versus Brian Boyle in Demolitions zone.
2:46 of 2nd period - Brayden McNabb is hit by Nikita Tryamkin and loses puck.
4:19 of 2nd period - Penalty to Spencer Machacek is over, Spencer Machacek is back on ice.
4:43 of 2nd period - Snap shot by J.T. Brown.
4:43 of 2nd period - Shot Misses the Net.
4:53 of 2nd period - Snap shot by Andrej Nestrasil.
4:53 of 2nd period - Stopped by Harru Sateri with a rebound.
4:55 of 2nd period - Slapshot by Jake Muzzin.
4:55 of 2nd period - Shot Blocked by Logan MacMillan.
4:57 of 2nd period - Slapshot by Andrej Nestrasil.
4:57 of 2nd period - Shot Misses the Net.
4:59 of 2nd period - Snap shot by Taylor Beck.
4:59 of 2nd period - Stopped by Harru Sateri with a rebound.
5:01 of 2nd period - Slapshot by Tommy Vannelli.
5:01 of 2nd period - Shot Misses the Net.
6:17 of 2nd period - Minor Penalty to Brayden McNabb for Hooking.
6:18 of 2nd period - Jordan LaVallee wins face-off versus Daultan Leveillé in Ice Dragons zone.
6:18 of 2nd period - Jordan LaVallee is hit by Spencer Machacek.
6:24 of 2nd period - Wrist shot by Lane MacDermid.
6:24 of 2nd period - Shot Blocked by Robin Norell.
6:26 of 2nd period - Slapshot by Jake Muzzin.
6:26 of 2nd period - Deflect By Kevin Connauton.
6:26 of 2nd period - Stopped by Harru Sateri without a rebound.
6:27 of 2nd period - Jordan LaVallee wins face-off versus Daultan Leveillé in Ice Dragons zone.
6:45 of 2nd period - Off-side.
6:46 of 2nd period - Andrej Nestrasil wins face-off versus Jordan LaVallee in neutral zone.
7:19 of 2nd period - Slapshot by Robert Bortuzzo.
7:19 of 2nd period - Stopped by Harru Sateri with a rebound.
7:21 of 2nd period - Slapshot by Robert Bortuzzo.
7:21 of 2nd period - Shot Misses the Net.
8:17 of 2nd period - Penalty to Brayden McNabb is over, Brayden McNabb is back on ice.
8:33 of 2nd period - Jake Muzzin is hit by Corban Knight.
8:39 of 2nd period - Wrist shot by J.T. Brown.
8:39 of 2nd period - Deflect By Corban Knight.
8:39 of 2nd period - Stopped by Harru Sateri without a rebound.
8:40 of 2nd period - Phil McRae wins face-off versus Boone Jenner in Ice Dragons zone.
9:50 of 2nd period - Slapshot by Billy Sweat.
9:50 of 2nd period - Stopped by Antti Raanta without a rebound.
9:51 of 2nd period - Daultan Leveillé wins face-off versus Jordan LaVallee in Demolitions zone.
10:19 of 2nd period - Kevin Connauton is hit by Jake Muzzin and loses puck.
10:32 of 2nd period - Wrist shot by Boone Jenner.
10:32 of 2nd period - Stopped by Antti Raanta with a rebound.
10:53 of 2nd period - Wrist shot by J.T. Brown.
10:53 of 2nd period - Stopped by Harru Sateri with a rebound.
10:55 of 2nd period - Slapshot by J.T. Brown.
10:55 of 2nd period - Stopped by Harru Sateri without a rebound.
10:56 of 2nd period - Brian Boyle wins face-off versus Daultan Leveillé in Ice Dragons zone.
11:12 of 2nd period - Minor Penalty to Brandon Kozun for Slashing.
11:13 of 2nd period - Daultan Leveillé wins face-off versus Jordan LaVallee in Ice Dragons zone.
12:26 of 2nd period - Snap shot by William Carrier.
12:26 of 2nd period - Shot Misses the Net.
12:28 of 2nd period - Slapshot by Adam Clendening.
12:28 of 2nd period - Stopped by Antti Raanta without a rebound.
12:29 of 2nd period - Sam Carrick wins face-off versus Daultan Leveillé in Demolitions zone.
13:12 of 2nd period - Penalty to Brandon Kozun is over, Brandon Kozun is back on ice.
13:40 of 2nd period - Wrist shot by Christoph Bertschy.
13:40 of 2nd period - Goal by Christoph Bertschy - Demolitions : 1 - Ice Dragons : 0.
13:41 of 2nd period - Boone Jenner wins face-off versus Spencer Machacek in neutral zone.
15:05 of 2nd period - Minor Penalty to Nikita Tryamkin for Hooking.
15:06 of 2nd period - Brian Boyle wins face-off versus Spencer Machacek in Demolitions zone.
15:21 of 2nd period - Wrist shot by Brian Boyle.
15:21 of 2nd period - Stopped by Antti Raanta without a rebound.
15:22 of 2nd period - Spencer Machacek wins face-off versus Brian Boyle in Demolitions zone.
16:55 of 2nd period - Boone Jenner is hit by Jake Muzzin and loses puck.
17:05 of 2nd period - Penalty to Nikita Tryamkin is over, Nikita Tryamkin is back on ice.
17:14 of 2nd period - Slapshot by Jake Muzzin.
17:14 of 2nd period - Goal by Jake Muzzin - Demolitions : 2 - Ice Dragons : 0.
17:15 of 2nd period - Andrej Nestrasil wins face-off versus Corban Knight in neutral zone.
17:24 of 2nd period - Wrist shot by Logan MacMillan.
17:24 of 2nd period - Shot Misses the Net.
17:42 of 2nd period - Jake Muzzin is hit by Brian Boyle and loses puck.
18:05 of 2nd period - Wrist shot by Michael Ferland.
18:05 of 2nd period - Shot Hit the Post.
19:06 of 2nd period - Slapshot by Jordan LaVallee.
19:06 of 2nd period - Stopped by Antti Raanta without a rebound.
19:07 of 2nd period - Brian Boyle wins face-off versus Andrej Nestrasil in Demolitions zone.
19:36 of 2nd period - Slapshot by Corban Knight.
19:36 of 2nd period - Shot Misses the Net.
19:56 of 2nd period - Jerome Gauthier-Leduc is hit by Robert Bortuzzo and loses puck.
Goals for this period are 2 for Demolitions vs 0 for Ice Dragons.
Shots for this period are 10 for Demolitions vs 6 for Ice Dragons.
3rd period
0:01 of 3rd period - Brian Boyle wins face-off versus Spencer Machacek in neutral zone.
0:16 of 3rd period - Wrist shot by Spencer Machacek.
0:16 of 3rd period - Shot Misses the Net.
0:26 of 3rd period - Brayden McNabb is hit by Robert Bortuzzo and loses puck.
0:39 of 3rd period - Snap shot by Jordan LaVallee.
0:39 of 3rd period - Shot Blocked by Joshua Leivo.
0:51 of 3rd period - Snap shot by Brandon Kozun.
0:51 of 3rd period - Shot Blocked by Phil McRae.
0:53 of 3rd period - Slapshot by Jerome Gauthier-Leduc.
0:53 of 3rd period - Shot Blocked by Phil McRae.
0:55 of 3rd period - Backhand shot by Jerome Gauthier-Leduc.
0:55 of 3rd period - Stopped by Antti Raanta without a rebound.
0:56 of 3rd period - Daultan Leveillé wins face-off versus Boone Jenner in Demolitions zone.
1:57 of 3rd period - Icing by Billy Sweat.
1:58 of 3rd period - Phil McRae wins face-off versus Boone Jenner in Ice Dragons zone.
2:42 of 3rd period - Wrist shot by J.T. Brown.
2:42 of 3rd period - Shot Blocked by Robin Norell.
2:45 of 3rd period - Minor Penalty to J.T. Brown for Slashing.
2:46 of 3rd period - Brian Boyle wins face-off versus Spencer Machacek in Demolitions zone.
2:53 of 3rd period - Backhand shot by Jordan LaVallee.
2:53 of 3rd period - Stopped by Antti Raanta without a rebound.
2:54 of 3rd period - Brian Boyle wins face-off versus Spencer Machacek in Demolitions zone.
3:09 of 3rd period - Snap shot by Kevin Connauton.
3:09 of 3rd period - Shot Hit the Post.
4:45 of 3rd period - Penalty to J.T. Brown is over, J.T. Brown is back on ice.
5:13 of 3rd period - Taylor Aronson is hit by Robin Norell and loses puck.
5:24 of 3rd period - Wrist shot by Alex Hutchings.
5:24 of 3rd period - Shot Misses the Net.
5:54 of 3rd period - Icing by Phil McRae.
5:55 of 3rd period - Phil McRae wins face-off versus Brian Boyle in Demolitions zone.
6:10 of 3rd period - Snap shot by Nikita Tryamkin.
6:10 of 3rd period - Shot Misses the Net.
8:07 of 3rd period - Brian Boyle is hit by Daultan Leveillé.
8:19 of 3rd period - Backhand shot by Taylor Aronson.
8:19 of 3rd period - Shot Blocked by Jerome Gauthier-Leduc.
8:21 of 3rd period - Wrist shot by Taylor Aronson.
8:21 of 3rd period - Goal by Taylor Aronson - Demolitions : 3 - Ice Dragons : 0.
8:22 of 3rd period - Daultan Leveillé wins face-off versus Brian Boyle in neutral zone.
8:27 of 3rd period - Snap shot by Spencer Machacek.
8:27 of 3rd period - Shot Misses the Net.
8:47 of 3rd period - Nikita Tryamkin is hit by Justin Shugg and loses puck.
8:56 of 3rd period - Slapshot by Andrej Nestrasil.
8:56 of 3rd period - Shot Misses the Net.
8:58 of 3rd period - Slapshot by Robert Bortuzzo.
8:58 of 3rd period - Deflect By Dennis Everberg.
8:58 of 3rd period - Shot Misses the Net.
8:58 of 3rd period - Puck is out of play.
8:59 of 3rd period - Brian Boyle wins face-off versus Daultan Leveillé in Ice Dragons zone.
9:42 of 3rd period - Logan MacMillan is hit by Phil McRae.
9:50 of 3rd period - Slapshot by Phil McRae.
9:50 of 3rd period - Stopped by Harru Sateri with a rebound.
9:52 of 3rd period - Wrist shot by Phil McRae.
9:52 of 3rd period - Stopped by Harru Sateri with a rebound.
10:28 of 3rd period - Slapshot by Boone Jenner.
10:28 of 3rd period - Shot Blocked by Nikita Tryamkin.
10:47 of 3rd period - Slapshot by Taylor Aronson.
10:47 of 3rd period - Shot Blocked by Jerome Gauthier-Leduc.
11:19 of 3rd period - Wrist shot by Taylor Beck.
11:19 of 3rd period - Shot Blocked by Zach Trotman.
11:35 of 3rd period - Snap shot by J.T. Brown.
11:35 of 3rd period - Stopped by Harru Sateri without a rebound.
11:36 of 3rd period - Corban Knight wins face-off versus J.T. Brown in Ice Dragons zone.
11:36 of 3rd period - Corban Knight is hit by Joshua Leivo.
11:51 of 3rd period - Slapshot by J.T. Brown.
11:51 of 3rd period - Stopped by Harru Sateri with a rebound.
11:57 of 3rd period - Minor Penalty to Brayden McNabb for Hooking.
11:58 of 3rd period - Jordan LaVallee wins face-off versus Daultan Leveillé in Ice Dragons zone.
11:58 of 3rd period - Jordan LaVallee is hit by Daultan Leveillé.
12:08 of 3rd period - Wrist shot by Spencer Machacek.
12:08 of 3rd period - Shot Misses the Net.
12:10 of 3rd period - Slapshot by Robert Bortuzzo.
12:10 of 3rd period - Deflect By Kevin Connauton.
12:10 of 3rd period - Goal by Robert Bortuzzo - Demolitions : 4 - Ice Dragons : 0.
12:11 of 3rd period - Daultan Leveillé wins face-off versus Brian Boyle in neutral zone.
12:22 of 3rd period - Snap shot by Lane MacDermid.
12:22 of 3rd period - Shot Misses the Net.
12:24 of 3rd period - Snap shot by Robert Bortuzzo.
12:24 of 3rd period - Goal by Robert Bortuzzo - Demolitions : 5 - Ice Dragons : 0.
12:25 of 3rd period - Brian Boyle wins face-off versus Daultan Leveillé in neutral zone.
12:30 of 3rd period - Slapshot by Kevin Connauton.
12:30 of 3rd period - Shot Blocked by Jake Muzzin.
12:50 of 3rd period - Robert Bortuzzo is hit by Justin Shugg and loses puck.
12:59 of 3rd period - Slapshot by Boone Jenner.
12:59 of 3rd period - Stopped by Antti Raanta with a rebound.
13:11 of 3rd period - Slapshot by Phil McRae.
13:11 of 3rd period - Stopped by Harru Sateri with a rebound.
13:13 of 3rd period - Snap shot by Joshua Leivo.
13:13 of 3rd period - Deflect By Corban Knight.
13:13 of 3rd period - Stopped by Harru Sateri with a rebound.
13:15 of 3rd period - Backhand shot by Robert Bortuzzo.
13:15 of 3rd period - Stopped by Harru Sateri without a rebound.
13:16 of 3rd period - Daultan Leveillé wins face-off versus Brian Boyle in Ice Dragons zone.
13:19 of 3rd period - Slapshot by Lane MacDermid.
13:19 of 3rd period - Shot Misses the Net.
13:26 of 3rd period - Off-side.
13:27 of 3rd period - Brian Boyle wins face-off versus Daultan Leveillé in neutral zone.
13:38 of 3rd period - Snap shot by Daultan Leveillé.
13:38 of 3rd period - Stopped by Harru Sateri with a rebound.
13:40 of 3rd period - Snap shot by Spencer Machacek.
13:40 of 3rd period - Goal by Spencer Machacek - Demolitions : 6 - Ice Dragons : 0.
13:41 of 3rd period - Brian Boyle wins face-off versus Daultan Leveillé in neutral zone.
14:07 of 3rd period - Jake Muzzin is hit by Billy Sweat and loses puck.
15:01 of 3rd period - Snap shot by Logan MacMillan.
15:01 of 3rd period - Shot Blocked by Jake Muzzin.
15:08 of 3rd period - Off-side.
15:09 of 3rd period - Brian Boyle wins face-off versus Daultan Leveillé in neutral zone.
15:40 of 3rd period - Backhand shot by Andrej Nestrasil.
15:40 of 3rd period - Shot Misses the Net.
15:42 of 3rd period - Wrist shot by Taylor Beck.
15:42 of 3rd period - Deflect By Andrej Nestrasil.
15:42 of 3rd period - Shot Misses the Net.
15:42 of 3rd period - Puck is out of play.
15:43 of 3rd period - Brian Boyle wins face-off versus Daultan Leveillé in Ice Dragons zone.
15:48 of 3rd period - Slapshot by Kevin Connauton.
15:48 of 3rd period - Shot Blocked by Spencer Machacek.
16:51 of 3rd period - Snap shot by Corban Knight.
16:51 of 3rd period - Shot Misses the Net.
16:53 of 3rd period - Wrist shot by Brayden McNabb.
16:53 of 3rd period - Shot Blocked by Tommy Vannelli.
16:55 of 3rd period - Slapshot by Brayden McNabb.
16:55 of 3rd period - Stopped by Antti Raanta without a rebound.
16:56 of 3rd period - Corban Knight wins face-off versus Daultan Leveillé in Demolitions zone.
16:57 of 3rd period - Snap shot by Logan MacMillan.
16:57 of 3rd period - Stopped by Antti Raanta with a rebound.
16:59 of 3rd period - Slapshot by Adam Clendening.
16:59 of 3rd period - Shot Misses the Net.
17:01 of 3rd period - Slapshot by Zach Trotman.
17:01 of 3rd period - Goal by Zach Trotman - Demolitions : 6 - Ice Dragons : 1.
17:02 of 3rd period - Daultan Leveillé wins face-off versus Brian Boyle in neutral zone.
17:12 of 3rd period - Minor Penalty to Jake Muzzin for Hooking.
17:13 of 3rd period - Brian Boyle wins face-off versus Spencer Machacek in Demolitions zone.
17:29 of 3rd period - Snap shot by Spencer Machacek.
17:29 of 3rd period - Deflect By Daultan Leveillé.
17:29 of 3rd period - Shot Misses the Net.
17:29 of 3rd period - Puck is out of play.
17:30 of 3rd period - Spencer Machacek wins face-off versus Boone Jenner in Ice Dragons zone.
17:33 of 3rd period - Snap shot by Spencer Machacek.
17:33 of 3rd period - Stopped by Harru Sateri without a rebound.
17:34 of 3rd period - Boone Jenner wins face-off versus Spencer Machacek in Ice Dragons zone.
18:05 of 3rd period - Slapshot by Brandon Kozun.
18:05 of 3rd period - Shot Misses the Net.
19:12 of 3rd period - Penalty to Jake Muzzin is over, Jake Muzzin is back on ice.
19:12 of 3rd period - Icing by Spencer Machacek.
19:13 of 3rd period - Spencer Machacek wins face-off versus Boone Jenner in Demolitions zone.
19:26 of 3rd period - Nick Pryor is hit by Logan MacMillan and loses puck.
19:45 of 3rd period - Wrist shot by Taylor Aronson.
19:45 of 3rd period - Shot Misses the Net.
Goals for this period are 4 for Demolitions vs 1 for Ice Dragons.
Shots for this period are 13 for Demolitions vs 6 for Ice Dragons.
Back to the Top